 Dungeon Crawl Stone Soup version 0.30-a0-1103-g25895a7845 (webtiles) character file.

Game seed: 14305438138995114621

45 qeuew the Shooter (level 3, -4/27 HPs)
             Began as a Human Hunter on Apr 18, 2023.
             Slain by a gnoll
             ... wielding a +0 spear
              (7 damage)
             ... on level 3 of the Dungeon.
             The game lasted 00:01:39 (1018 turns).

qeuew the Shooter (Human Hunter)                    Turns: 1018, Time: 00:01:40

Health: -4/27      AC:  6    Str: 11    XL:     3   Next: 90%
Magic:  3/3        EV: 12    Int:  7    God:
Gold:   29         SH:  0    Dex: 18    Spells: 2/2 levels left

rFire   . . .      SeeInvis .    k - +0 dagger
rCold   . . .      Faith    .    (no shield)
rNeg    . . .      Spirit   .    c - +0 leather armour
rPois   .          Reflect  .    (no helmet)
rElec   .          Rampage  .    (no cloak)
rCorr   .                        i - +2 pair of gloves
Will    .....                    (no boots)
Stlth   ++                       (no amulet)
HPRegen 0.24/turn                (no ring)
MPRegen 0.08/turn                (no ring)

@: unable to drink
A: dopey 1, evolution 1, inability to drink after injury 1
a: no special abilities


You were on level 3 of the Dungeon.
You visited 1 branch of the dungeon, and saw 3 of its levels.

You collected 29 gold pieces.

Inventory:

Hand Weapons
 a - a +1 shortbow
 k - a +0 dagger (weapon)
Armour
 c - a +0 leather armour (worn)
 i - a +2 pair of gloves (worn)
Scrolls
 b - a scroll of immolation
 d - a scroll of silence {unknown}
 f - a scroll of identify
 h - a scroll of teleportation
Potions
 e - a potion of haste
 j - a potion of heal wounds {unknown}


   Skills:
 + Level 2.2 Fighting
 + Level 0.1 Short Blades
 * Level 4.4 Ranged Weapons
 + Level 1.0 Armour
 * Level 2.5 Dodging
 + Level 1.5 Stealth


You had 2 spell levels left.
You didn't know any spells.
Your spell library contained the following spells:

 Spells                   Type           Power      Damage    Failure   Level
 Apportation              Tloc           0%         N/A       52%         1
 Necrotise                Necr           0%         1d4       52%         1
 Summon Small Mammal      Summ           0%         N/A       52%         1
 Ensorcelled Hibernation  Hex/Ice        0%         N/A       67%         2
 Spider Form              Tmut/Pois      0%         N/A       88%         3
 Anguish                  Hex/Necr       0%         N/A       99%         4


Dungeon Overview and Level Annotations

Branches:
Dungeon (3/15)

Altars:


Innate Abilities, Weirdness & Mutations

You are dopey. (Int -2)
You have hidden genetic potential.
You occasionally lose the ability to drink potions when taking damage.


Message History

You hit the gnoll but do no damage.
The gnoll is moderately wounded.
The gnoll barely misses you. The gnoll hits you but does no damage.
There is a stone staircase leading down here.
The gnoll completely misses you.
You climb downwards.
There is a stone staircase leading up here.
You barely miss the gnoll.
The gnoll is moderately wounded.
The gnoll barely misses you.
You hit the gnoll.
The gnoll is heavily wounded.
The gnoll hits you with a +0 spear!
You feel threatened and lose the ability to drink potions!
* * * LOW HITPOINT WARNING * * *
Unknown command.
You cannot drink potions in your current state!
Unknown command.
You hit the gnoll.
The gnoll is heavily wounded.
The gnoll closely misses you.
Okay, then.
You hit the gnoll.
The gnoll is severely wounded.
You can drink potions again.
The gnoll hits you with a +0 spear.
* * * LOW HITPOINT WARNING * * *
Unknown command.
You completely miss the gnoll.
The gnoll is severely wounded.
The gnoll hits you but does no damage.
You hit the gnoll but do no damage.
The gnoll is severely wounded.
The gnoll misses you.
You hit the gnoll.
The gnoll is severely wounded.
The gnoll hits you with a +0 spear!
You feel threatened and lose the ability to drink potions!
You die...

. .. # # ...
#.. #. ....
....#.####.....
......g.<......
.......@)......
.$....####.....
#..#. ... . ..
. .. .. .


You could see a gnoll.

Vanquished Creatures
  A gnoll (D:2)
  2 ball pythons (D:1)
  2 bats (D:1)
  3 endoplasms
  A giant cockroach (D:1)
  4 hobgoblins
  3 jackals (D:1)
  A frilled lizard (D:1)
  6 goblins
  5 kobolds (D:1)
  3 rats
31 creatures vanquished.

Notes
Turn   | Place    | Note
-------+----------+-------------------------------------------
     0 | D:1      | qeuew the Human Hunter began the quest for the Orb.
     0 | D:1      | Reached XP level 1. HP: 16/16 MP: 1/1
   206 | D:1      | Reached XP level 2. HP: 22/22 MP: 2/2
   615 | D:1      | Reached XP level 3. HP: 27/27 MP: 3/3
   913 | D:2      | Reached skill level 1 in Armour
   913 | D:2      | Gained mutation: You occasionally lose the ability to drink
                  | potions when taking damage. [potion of mutation]
   913 | D:2      | Gained mutation: You are dopey. (Int -2) [potion of
                  | mutation]
   913 | D:2      | Gained mutation: You have hidden genetic potential. [potion
                  | of mutation]
  1018 | D:3      | Slain by a gnoll

Illustrated notes

Levels and vault maps discovered:
D:1:      dpeg_arrival_three_bigger_balls, layout_loops_corners
D:2:      minmay_evil_eye, layout_basic
D:3:      layout_basic

Skill      XL: |  1  2  3 |
---------------+----------+-----
Armour         | 1 |  1.0
Fighting       | |  2.2
Short Blades   | |  0.1
Ranged Weapons | |  4.4
Dodging        | |  2.5
Stealth        | |  1.5

Action                     || total
---------------------------++-------
  Melee: Dagger            ||    16
   Fire: Shortbow          ||    67
    Use: Scroll            ||     4
         Potion            ||     3
 Armour: Leather armour    ||    17
  Dodge: Dodged            ||    31

Table legend: (Time is in decaauts)
 A = Elapsed time spent in this place.
 B = Non-inter-level travel time spent in this place.
 C = Inter-level travel time spent in this place.
 D = Time resting spent in this place.
 E = Time spent auto-exploring this place.
 F = Levels seen in this place.
 G = Mean time per level.
                   A        B        C        D        E       F      G
               +--------+--------+--------+--------+--------+-----+--------+
         Total |   1040 |    994 |     46 |     67 |    740 |   3 |  346.7 |
       Dungeon |   1040 |    994 |     46 |     67 |    740 |   3 |  346.7 |
               +--------+--------+--------+--------+--------+-----+--------+

Top non-repeatable levels by time:
     D:1: 862 daAuts
     D:2: 95 daAuts
     D:3: 82 daAuts
